 Dungeon Crawl Stone Soup version 0.29.1-15-g9cfb28693d (webtiles) character file.

Game seed: 15591013499902367359

2195 BuddhaDhamma the Basher (level 9, -7/70 HPs)
             Began as a Minotaur Berserker on Mar 18, 2023.
             Was an Elder of Trog.
             Mangled by a vampire
             ... wielding a +3 vampiric bardiche
              (12 damage)
             ... in a bailey.
             The game lasted 00:13:09 (6045 turns).

BuddhaDhamma the Basher (Minotaur Berserker)        Turns: 6045, Time: 00:13:10

Health: -7/70      AC:  8    Str: 26    XL:     9   Next: 12%
Magic:  8/8        EV:  8    Int:  4    God:    Trog [****..]
Gold:   297        SH: 12    Dex: 16    Spells: 8/8 levels left

rFire   + . .      SeeInvis .   n - +6 shillelagh "Devastator" {shatter}
rCold   + . .      Faith    .   i - +1 tower shield
rNeg    . . .      Spirit   .   A - +0 chain mail
rPois   .          Reflect  .   (helmet restricted)
rElec   .          Harm     .   k - scarf {rC+ rF+}
rCorr   .          Rampage  .   (no gloves)
Will    .....                   (no boots)
Stlth   ..........              (no amulet)
HPRegen 0.21/turn               u - +6 ring of dexterity
MPRegen 0.11/turn               l - +4 ring of evasion

@: no status effects
A: horns 2, retaliatory headbutt
a: Renounce Religion, Berserk, Trog's Hand, Brothers in Arms


You were in a bailey.
You worshipped Trog.
Trog was greatly pleased with you.
You visited 1 branch of the dungeon, and saw 7 of its levels.
You also visited: Sewer and Bailey.

You collected 297 gold pieces.

Inventory:

Hand Weapons
 a - a +1 hand axe
 n - the +6 shillelagh "Devastator" (weapon) {shatter}
   (You found it on level 2 of the Dungeon)

   It releases a powerful concussive burst when it strikes, dealing extra damage
   to the target and all other foes adjacent to them.
Missiles
 v - 3 poisoned darts (quivered)
Armour
 i - a +1 tower shield (worn)
 k - a scarf of resistance (worn)
 A - a +0 chain mail (worn)
Jewellery
 l - a +4 ring of evasion (right hand)
 u - a +6 ring of dexterity (left hand)
Wands
 c - a wand of iceblast (4)
 j - a wand of mindburst (21)
Scrolls
 f - 4 scrolls of teleportation
 g - 4 scrolls of fear
 y - a scroll of fog
 D - a scroll of enchant weapon
Potions
 b - a potion of brilliance {unknown}
 d - a potion of berserk rage {unknown}
 e - 3 potions of mutation
 m - 4 potions of might
 o - 3 potions of haste
 p - a potion of cancellation {unknown}
 q - a potion of resistance {unknown}
 r - a potion of heal wounds
 t - a potion of lignification {unknown}
 w - a potion of experience {unknown}
 x - a potion of curing {unknown}
 z - 2 potions of flight {unknown}


   Skills:
 - Level 3.6 Fighting
 - Level 7.6(11.1) Axes
 + Level 12.6(13.4) Maces & Flails
 - Level 2.4 Armour
 - Level 2.1 Dodging


You had 8 spell levels left.
You didn't know any spells.
Your spell library was empty.

Dungeon Overview and Level Annotations

Branches:
Dungeon (7/15)             Temple (0/1) D:6           Sewer (visited)
 Bailey (1/1)

Altars:
Gozag
Nemelex Xobeh
Trog
Xom
The Shining One

Shops:
D:5 *   D:6 ((

Annotations:
D:7 3 runed translucent doors, roninjake's ghost, novice DEEE


Innate Abilities, Weirdness & Mutations

You have a pair of horns on your head.
You reflexively headbutt those who attack you in melee.


Message History

You block the orc warrior zombie's attack.
The orc zombie hits you but does no damage.
You see here a +0 spear.
You sock the orc warrior zombie!
The orc warrior zombie and the orc zombie shudder.
You destroy the orc warrior zombie!
Trog accepts your kill.
The orc zombie is almost destroyed.
The orc zombie hits you but does no damage.
You thump the orc zombie!
You destroy the orc zombie!
Trog accepts your kill.
You see here a +0 trident.
You open the large door.
A vampire comes into view. It is wielding a +3 vampiric bardiche.
Found a cyan potion.
There is a large open door here.
You block the vampire's attack. The vampire closely misses you.
You completely miss the vampire. The vampire casts a spell at you.
You are confused.
You are too confused!
You are too confused!
You are too confused!
You hit the vampire but do no damage.
The vampire hits you with a +3 vampiric bardiche!!
The vampire bites you.
The vampire draws strength from your injuries!
You hit the vampire but do no damage.
The vampire mumbles some strange words.
The vampire flickers and vanishes!
Deactivating autopickup; reactivate with Ctrl-A.
You're too confused to move!
Something hits you!! Something bites you but does no damage.
You are too confused!
Something hits you!!
* * * LOW HITPOINT WARNING * * *
You feel less confused. Something hits you!
You die...

....#...####
...####....+
..##..##...+
#########.)..#...#
#8........)).....#
#.........#......#
###''##...##....8#
##....##...#######
#..@...##.......8#
#..{##...#8......8#
#..# #..##########
#.. ..# #.. .8# ##
!##


There were no monsters in sight!

Vanquished Creatures
  Pikel (D:7)
  Sigmund (D:2)
  2 steam dragons
  A water moccasin (D:6)
  A lemure (D:7)
  2 phantoms (D:6)
  A necrophage (D:5)
  A scorpion (D:5)
  A water moccasin zombie (D:6)
  A water moccasin skeleton (D:6)
  The ghost of zeram the Trooper, a weakling HOFi (D:3)
  A howler monkey (D:5)
  3 hounds
  4 quasits (D:3)
  A centaur zombie (D:6)
  2 orc priests (D:7)
  A bullfrog skeleton (D:6)
  A jelly (D:5)
  A centaur skeleton (D:6)
  An iguana (D:5)
  2 orc wizards (D:7)
  A hell rat (Sewer)
  A killer bee zombie (D:6)
  A howler monkey zombie (D:6)
  A river rat (Sewer)
  11 adders
  2 white imps
  An ufetubus (D:7)
  3 worms
  5 dart slugs
  12 orcs
  5 ball pythons
  4 endoplasms
  5 giant cockroaches
  9 goblins
  9 hobgoblins
  3 jackals (D:2)
  4 quokkas (D:2)
  13 bats
  2 frilled lizards
  7 kobolds
  9 orc zombies (Bailey)
  7 rats
145 creatures vanquished.

Vanquished Creatures (others)
  A gnoll bouda (D:4)
  An adder (D:4)
  A worm (D:4)
  A goblin (D:4)
  A hobgoblin (D:4)
  A withered plant (D:6)
6 creatures vanquished.

Grand Total: 151 creatures vanquished

Notes
Turn   | Place    | Note
-------+----------+-------------------------------------------
     0 | D:1      | BuddhaDhamma the Minotaur Berserker began the quest for the
                  | Orb.
     0 | D:1      | Reached XP level 1. HP: 19/19 MP: 0/0
     2 | D:1      | Noticed a formicid
     2 | D:1      | Noticed an ogre
     4 | D:1      | Noticed a spriggan
     6 | D:1      | Noticed a ghoul
     6 | D:1      | Noticed a palentonga
    22 | D:1      | Noticed a minotaur
    22 | D:1      | Noticed a draconian
    24 | D:1      | Noticed a naga
    24 | D:1      | Noticed an elf
    26 | D:1      | Noticed a meteoran
    28 | D:1      | Noticed a demigod
    30 | D:1      | Noticed a vampire
    30 | D:1      | Noticed a gargoyle
    32 | D:1      | Noticed a merfolk
    32 | D:1      | Noticed a human
    34 | D:1      | Noticed a tengu
    34 | D:1      | Noticed a troll
    36 | D:1      | Noticed a vine stalker
    36 | D:1      | Noticed a demonspawn
    39 | D:1      | Noticed a vine stalker
    39 | D:1      | Noticed a felid
    41 | D:1      | Noticed a tengu
    41 | D:1      | Noticed a human
   318 | D:1      | Reached XP level 2. HP: 16/26 MP: 1/1
   751 | D:1      | Reached skill level 5 in Axes
  1060 | D:2      | Reached XP level 3. HP: 26/31 MP: 2/2
  1104 | D:2      | Noticed Sigmund
  1118 | D:2      | Killed Sigmund
  1119 | D:2      | Reached XP level 4. HP: 39/39 MP: 3/3
  1119 | D:2      | Reached XP level 5. HP: 45/45 MP: 4/4
  1328 | D:2      | Reached ** piety under Trog
  1787 | D:2      | Found the +6 shillelagh "Devastator" {shatter}
  2311 | D:3      | Found a transporter.
  2422 | D:3      | Found a bloodstained altar of Trog.
  2522 | D:3      | Noticed zeram's ghost (weakling HOFi)
  2644 | D:3      | Found a transporter.
  2794 | D:3      | Reached skill level 1 in Maces & Flails
  2918 | D:3      | Reached skill level 2 in Maces & Flails
  2920 | D:3      | Reached XP level 6. HP: 41/51 MP: 5/5
  3091 | D:3      | Found a glowing golden altar of the Shining One.
  3182 | D:3      | Reached skill level 3 in Maces & Flails
  3182 | D:3      | Killed zeram's ghost
  3183 | D:3      | Reached skill level 4 in Maces & Flails
  3248 | D:4      | Reached skill level 5 in Maces & Flails
  3430 | D:4      | Found a shimmering altar of Xom.
  3451 | D:4      | Reached *** piety under Trog
  3452 | D:4      | Reached XP level 7. HP: 57/57 MP: 6/6
  3606 | D:4      | Noticed a steam dragon
  3615 | D:4      | Killed a steam dragon
  3616 | D:4      | Reached skill level 6 in Maces & Flails
  3931 | D:5      | Entered Level 5 of the Dungeon
  3970 | D:5      | Reached skill level 7 in Maces & Flails
  4147 | D:5      | Identified the +3 rapier of the Original Sin {venom, Int+2}
  4249 | D:5      | Found Udulilorr's General Store.
  4334 | D:5      | Reached skill level 8 in Maces & Flails
  4565 | D:6      | Found Ofustiz's Weapon Boutique.
  4593 | D:6      | Reached XP level 8. HP: 62/64 MP: 7/7
  4594 | D:6      | Reached skill level 9 in Maces & Flails
  4787 | D:6      | Found a sparkling altar of Nemelex Xobeh.
  4831 | D:6      | Reached skill level 10 in Maces & Flails
  4839 | D:6      | Found an opulent altar of Gozag.
  5151 | D:6      | Found a staircase to the Ecumenical Temple.
  5219 | D:6      | Found a glowing drain.
  5231 | Sewer    | Entered a sewer
  5453 | D:6      | Found Xahahaex's Weapon Shop.
  5508 | D:7      | Reached **** piety under Trog
  5509 | D:7      | Noticed Pikel
  5513 | D:7      | Reached skill level 11 in Maces & Flails
  5518 | D:7      | Killed Pikel
  5519 | D:7      | Reached skill level 12 in Maces & Flails
  5519 | D:7      | Reached XP level 9. HP: 42/70 MP: 8/8
  5854 | D:7      | Found a runed translucent gate.
  5854 | D:7      | Found a runed translucent gate.
  5854 | D:7      | Found a runed translucent gate.
  5857 | D:7      | Noticed roninjake's ghost (novice DEEE)
  5864 | D:7      | Identified the +2 plate armour "Soocoh" {Str+5 Stlth+}
  5879 | D:7      | Found a flagged portal.
  5890 | Bailey   | Entered a bailey
  6045 | Bailey   | Mangled by a vampire

Illustrated notes

Levels and vault maps discovered:
D:1:      kb_arrival_jail, layout_rooms, chequers_serial_rivers_micro_a
D:2:      layout_basic, uniq_sigmund
D:3:      minmay_chambers_of_threes, layout_basic, tso_oasis_becter,
          lemuel_tele_altar, gammafunk_ghost_stat_death
D:4:      layout_cave_pools, xom_confusion_cloud, minmay_manual_mandibuliform
D:5:      layout_loops_ring, serial_shops,
          nicolae_shop_competitors_out_of_business, chequers_garden
D:6:      layout_basic, mainiacjoe_overflow_24_doors,
          nemelex_spade_bored_becter, temple_doors_e,
          cheibrodos_sewer_entry_bend, serial_shops,
          nicolae_shop_competitors_out_of_business, nicolae_shop_trees,
          serial_undead, serial_undead_f, serial_undead_f, serial_undead_c,
          serial_undead_b, serial_undead_e, serial_undead_c, chequers_jeans
D:7:      layout_rooms, enter_bailey_2, biasface_ghost_orc_armoury, uniq_pikel
Bailey:   bailey_polearm_vampire_castle_hellmonk, bailey

Skill      XL: |  1  2  3  4  5  6  7  8 |
---------------+-------------------------+-----
Axes           | 4 5 7 |  7.6
Maces & Flails | 2 5 8 12 | 12.6
Fighting       | |  3.6
Armour         | |  2.4
Dodging        | |  2.1

Action                   |  1- 3 |  4- 6 |  7- 9 || total
-------------------------+-------+-------+-------++-------
Melee: Hand axe          |    44 |    30 |       ||    74
       Headbutt          |     9 |     4 |    11 ||    24
       Shillelagh        |       |    52 |   114 ||   166
Invok: Berserk           |     1 |     2 |     2 ||     5
  Use: Scroll            |       |       |    15 ||    15
       Potion            |       |       |     1 ||     1
Armor: Animal skin       |    11 |     6 |       ||    17
       Scale mail        |       |    29 |    34 ||    63
       Chain mail        |       |       |     5 ||     5
Dodge: Dodged            |    26 |    21 |    28 ||    75
Block: Tower shield      |     8 |    42 |    65 ||   115
